 Dungeon Crawl Stone Soup version 0.29.1-1-gd02db6906a (webtiles) character file.

Game seed: 2272688909183025003

151 LustLizard the Magician (level 5, -1/35 HPs)
             Began as a Djinni Fire Elementalist on Oct 3, 2022.
             Killed from afar by an orc wizard (2 damage)
             ... with a puff of flame
             ... on level 4 of the Dungeon.
             The game lasted 00:04:14 (2790 turns).

LustLizard the Magician (Djinni Fire Elementalist)  Turns: 2790, Time: 00:04:15

Health: -1/35      AC:  3    Str:  7    XL:     5   Next: 60%
Gold:   167        EV: 13    Int: 18    God:
                   SH:  0    Dex: 14

rFire   + + .      SeeInvis .   b - +0 spear
rCold   . . .      Faith    .   (no shield)
rNeg    . . .      Spirit   .   a - +0 robe
rPois   ∞          Reflect  .   (no helmet)
rElec   .          Harm     .   (no cloak)
rCorr   .          Rampage  .   f - +0 pair of gloves
Will    .....                   (boots unavailable)
Stlth   ++........              (no amulet)
HPRegen 0.11/turn               k - ring of protection from cold
MPRegen 0.00/turn               (no ring)

@: flying, very slightly contaminated
A: sickness immunity, fire resistance 2, cold vulnerability 1, float, innate
caster, HP casting, extra vitality 1
a: no special abilities


You were on level 4 of the Dungeon.
You visited 1 branch of the dungeon, and saw 3 of its levels.

You collected 167 gold pieces.

Inventory:

Hand Weapons
 b - a +0 spear (weapon)
Missiles
 e - 4 poisoned darts
Armour
 a - a +0 robe (worn)
 f - a +0 pair of gloves (worn)
Jewellery
 k - a ring of protection from cold (left hand)
Wands
 l - a wand of charming (6)
Scrolls
 c - a scroll of identify {unknown}
 d - a scroll of vulnerability {unknown}
 i - a scroll of teleportation {unknown}
Potions
 g - a potion of attraction {unknown}
 h - 2 potions of curing {unknown}
 j - a potion of ambrosia {unknown}
 m - a potion of degeneration {unknown}


   Skills:
 + Level 3.4 Dodging
 + Level 2.6 Stealth
 * Level 3.6 Spellcasting


You couldn't memorise any spells.
You knew the following spells:

 Your Spells              Type           Power      Damage    Failure   Level
a - Foxfire               Conj/Fire      64%        2x1d7     3%          1
b - Scorch                Fire           32%        2d7       5%          2
c - Conjure Flame         Conj/Fire      16%        6-21      11%         3
d - Inner Flame           Hex/Fire       16%        N/A       11%         3
e - Flame Wave            Conj/Fire      16%        2d7       34%         4
f - Sting                 Tmut/Pois      64%        1d6       3%          1
g - Call Imp              Summ           16%        N/A       5%          2
Your spell library was empty.

Dungeon Overview and Level Annotations

Branches:
Dungeon (2/15)

Altars:

Shops:
D:1 (


Innate Abilities, Weirdness & Mutations

You are immune to sickness and miasma.
You are immune to poison.
Your flesh is very heat resistant. (rF++)
You are vulnerable to cold. (rC-)
You float through the air rather than walking.
You learn spells naturally, not from books.
Your magical power is your life essence.
You have superior vitality. (+4 MHP)


Message History

Confirm with . or Enter, or press ? or * to list all spells.
Okay, then.
You barely miss the orc priest.
The foxfire hits the orc.
You kill the orc!
The foxfire hits the orc priest.
The orc priest is lightly wounded.
The foxfire hits the orc priest.
The orc priest is moderately wounded.
The orc priest invokes the aid of Beogh against you.
Beogh smites you!
Casting: Foxfire (safe; 3% risk of failure)
Confirm with . or Enter, or press ? or * to list all spells.
You conjure some foxfire!
The orc wizard points at you and mumbles some strange words.
The magic dart hits you!
* * * LOW HITPOINT WARNING * * *
The orc priest barely misses you.
An endoplasm comes into view.
You hit the orc priest but do no damage.
The orc priest is moderately wounded.
The foxfire hits the orc wizard.
The orc wizard is moderately wounded.
The foxfire hits the orc priest!
The orc priest is almost dead.
The orc wizard hits you with a +0 dagger.
* * * LOW HITPOINT WARNING * * *
Casting: Foxfire (safe; 3% risk of failure)
Confirm with . or Enter, or press ? or * to list all spells.
You miscast Foxfire.
You are very lightly contaminated with residual magic.
Nothing appears to happen.
* * * LOW HITPOINT WARNING * * *
The orc wizard hits you with a +0 dagger.
* * * LOW HITPOINT WARNING * * *
The orc priest calls upon Beogh to heal the orc wizard.
The orc wizard's wounds heal themselves!
You hear some strange, mumbled words.
A puff of flame appears from out of thin air!
The puff of flame hits you. You resist.
You die...

.##.....###...>.....###
l.. #. ###...#
##.......## .#.#. #
....# ##.....## ##.##
##...## ##'## #.# #####
#.# .....o#.## #J{@§#
#.oo..# #....## #>#.##
..... ...#.# #.###.# #.
#.#


You could see 2 orc priests, an orc wizard and an endoplasm.

Vanquished Creatures
  A jelly (D:4)
  A hound (D:4)
  An iguana (D:4)
  An adder (D:2)
  A worm (D:2)
  A dart slug (D:2)
  2 orcs (D:4)
  2 ball pythons
  A bat (D:1)
  6 endoplasms
  A giant cockroach (D:1)
  10 goblins
  4 hobgoblins
  A jackal (D:1)
  A quokka (D:1)
  A frilled lizard (D:1)
  6 kobolds
  2 rats
43 creatures vanquished.

Vanquished Creatures (others)
  109 foxfires
109 creatures vanquished.

Grand Total: 152 creatures vanquished

Notes
Turn   | Place    | Note
-------+----------+-------------------------------------------
     0 | D:1      | LustLizard the Djinni Fire Elementalist began the quest for
                  | the Orb.
     0 | D:1      | LustLizard set off with the following spells memorised:
                  | Foxfire, Scorch, Conjure Flame, Inner Flame, Flame Wave.
     0 | D:1      | Reached XP level 1. HP: 15/15 MP: 0/0
   267 | D:1      | Reached XP level 2. HP: 14/21 MP: 0/0
   601 | D:1      | Reached XP level 3. HP: 23/25 MP: 0/0
   601 | D:1      | Learned a level 1 spell: Sting
   650 | D:1      | Found Jentuc's Weapon Shop.
  2025 | D:2      | Reached XP level 4. HP: 28/31 MP: 0/0
  2332 | D:2      | You are sucked into a shaft and drop 2 floors!
  2529 | D:4      | Reached XP level 5. HP: 25/35 MP: 0/0
  2529 | D:4      | Learned a level 2 spell: Call Imp
  2790 | D:4      | HP: 1/35 [orc wizard/+0 dagger (3)]
  2790 | D:4      | Killed from afar by an orc wizard

Illustrated notes

Levels and vault maps discovered:
D:1:      nagdon_arrival_double_spiral, layout_basic, serial_shops,
          nicolae_lakefront_shop, st_stairs_11
D:2:      layout_loops_ring, uniq_natasha
D:4:      layout_loops_corners, minmay_temple_entry_crystal_x,
          kennysheep_generic_room_14

Skill      XL: |  1  2  3  4 |
---------------+-------------+-----
Stealth        | 2 |  2.6
Spellcasting   | 3 |  3.6
Dodging        | 3 |  3.4

Action                   |  1- 3 |  4- 6 || total
-------------------------+-------+-------++-------
Melee: Spear             |    51 |    19 ||    70
 Cast: Foxfire           |    47 |    24 ||    71
       Call Imp          |       |     1 ||     1
 Stab: Sleeping          |     3 |       ||     3
Armor: Robe              |    12 |     3 ||    15
Dodge: Dodged            |    32 |    16 ||    48
